FIQ, chaotic male elven Wizard @ w ----- @A@ A A@ @ @ |..@D A A @ @ --------- --.@--------- A @ --...%...-- --A@.|.......| A @@ & --..A.)....---..a@|.......| V @ @ H @ A AA @ |Q....)[...Aa.aAA@A.@@@...| @ AH A ' AAA --...%%%...---A.H%|...H...| @ @ --..D.A..-- --.@.|.......| & ----.---- --..--------- @ @ @ -------...| |... a A@ |.....@%..| ----- A@@ -..V------- -....| -...--- .... ----- FIQ the Sorcerer Experience level: 20 Strength: 25 Dexterity: 18 Constitution: 15 Intelligence: 25 Wisdom: 25 Charisma: 18 Health: 105(182) Energy: 106(397) Def: 52 Gold: 83 Moves: 33103 Dungeon seed: nM2fj1Fq9D3AIi1K Game ID: FIQ_1623550834 Your Inventory: Coins $ - 83 gold pieces Amulets c - a cursed amulet of strangulation e - the blessed Eye of the Aethiopica x - an uncursed amulet versus poison L - an uncursed amulet of life saving (being worn) Weapons a - the uncursed +3 Magicbane (weapon in hand) Armor r - a blessed fireproof +5 T-shirt (being worn) y - a blessed fireproof +4 pair of speed boots (being worn) z - a blessed rustproof +5 pair of gauntlets of power (being worn) E - a blessed fireproof +7 cornuthaum (being worn) F - a blessed fireproof +4 robe (being worn) N - a blessed fireproof +5 small shield (being worn) Y - a blessed +5 silver dragon scale mail (being worn) Comestibles M - 3 uncursed lumps of royal jelly Scrolls G - an uncursed scroll of stinking cloud O - an uncursed scroll of taming P - a cursed scroll of identify Spellbooks A - the uncursed Book of the Dead Rings d - an uncursed ring of levitation H - a cursed ring of invisibility K - an uncursed ring of free action (on left hand) Q - an uncursed ring of slow digestion (on right hand) W - an uncursed ring of poison resistance Wands p - an uncursed wand of teleportation (0:2) D - an uncursed wand of sleep (0:8) R - a blessed wand of secret door detection (0:7) S - a blessed wand of light (0:4) T - an uncursed wand of digging (0:2) Tools b - a blessed bag of holding h - an uncursed +0 unicorn horn k - an uncursed skeleton key t - an uncursed blindfold u - the uncursed Candelabrum of Invocation (no candles attached) (0:0) w - an uncursed magic whistle B - the uncursed Bell of Opening (0:0) C - an uncursed magic marker (0:0) I - an uncursed magic marker (0:52) J - an uncursed magic marker (0:58) V - the blessed rustproof Master Key of Thievery Gems g - 2 blessed touchstones n - an uncursed sapphire q - a blessed luckstone Contents of the bag of holding: 7966 gold pieces an uncursed amulet of life saving an uncursed amulet of life saving a blessed +13 katana named Newtsbane a blessed +11 long sword named Sword of Bloodlust 4 uncursed lembas wafers 16 blessed scrolls of blank paper a blessed scroll of charging 2 uncursed scrolls of charging an uncursed scroll of consecration a cursed scroll of create monster 3 blessed scrolls of fire 14 uncursed scrolls of fire 2 cursed scrolls of fire a cursed scroll of gold detection an uncursed scroll of identify an uncursed scroll of light 5 uncursed scrolls of teleportation a cursed scroll of teleportation a blessed scroll of wishing an uncursed scroll of wishing a cursed scroll of wishing 5 blessed potions of full healing a cursed potion of full healing a blessed potion of gain energy 5 uncursed potions of gain energy 9 uncursed potions of healing 6 potions of holy water an uncursed potion of invisibility an uncursed potion of speed a potion of unholy water an uncursed potion of water a cursed ring of aggravate monster an uncursed ring of conflict an uncursed ring of fire resistance an uncursed ring of fire resistance an uncursed ring of fire resistance an uncursed ring of fire resistance an uncursed ring of fire resistance an uncursed ring of fire resistance an uncursed ring of fire resistance an uncursed ring of fire resistance an uncursed ring of fire resistance an uncursed ring of fire resistance an uncursed ring of fire resistance an uncursed ring of fire resistance a [uncursed] ring of fire resistance a [uncursed] ring of fire resistance an uncursed +3 ring of gain strength a cursed ring of invisibility an uncursed ring of polymorph an uncursed ring of polymorph a cursed ring of polymorph a cursed ring of polymorph a cursed ring of polymorph a [cursed] ring of polymorph a [uncursed] ring of polymorph an uncursed +2 ring of protection an uncursed wand of death (0:6) an uncursed wand of death (0:4) an uncursed wand of death (0:3) an uncursed wand of death (0:2) an uncursed wand of death (0:1) an uncursed wand of digging (0:8) an uncursed wand of digging (0:8) an uncursed wand of digging (0:7) a blessed wand of digging (0:5) an uncursed wand of digging (0:5) an uncursed wand of digging (0:5) an uncursed wand of enlightenment (0:12) an uncursed wand of enlightenment (0:11) an uncursed wand of fire (0:8) an uncursed wand of fire (0:7) an uncursed wand of fire (0:7) an uncursed wand of light (0:14) an uncursed wand of light (0:14) an uncursed wand of light (0:14) an uncursed wand of lightning (0:7) an uncursed wand of locking (0:8) an uncursed wand of make invisible (0:4) a [uncursed] wand of opening [0:5] an uncursed wand of speed monster (0:7) an uncursed wand of striking (0:5) an uncursed wand of teleportation (0:4) an uncursed wand of teleportation (0:4) an uncursed wand of undead turning (0:6) Spells and supernatural/magical abilities: Name Level Category Fail Memory a - force bolt 1 attack 0% 52% c - cause fear 3 enchantment 0% 31% d - dig 2 matter 0% 43% e - charm monster 5 enchantment 0% 13% f - fireball 4 attack 0% 92% h - healing 1 healing 0% 43% i - invisibility 4 escape 0% 66% j - jumping 1 escape 0% 43% k - knock 1 matter 0% 43% l - light 1 divination 0% 52% m - magic missile 2 attack 0% 52% n - detect monsters 1 divination 0% 52% o - cone of cold 4 attack 0% 28% p - protection 1 clerical 0% 66% r - remove curse 3 clerical 0% 43% s - slow monster 1 enchantment 0% 12% t - teleport away 6 escape 0% 80% u - confuse monster 2 enchantment 0% 31% v - clairvoyance 3 divination 0% 81% x - extra healing 3 healing 0% 76% A - create familiar 6 clerical 0% 29% B - cure blindness 2* healing 0% 0% C - cancellation 7 matter 24% 75% D - drain life 3 attack 0% 76% E - detect food 2 divination 0% 73% G - detect treasure 4 divination 0% 43% H - haste self 3 escape 0% 12% I - identify 3 divination 0% 66% K - cure sickness 3 healing 0% 52% M - magic mapping 5 divination 0% 29% P - polymorph 6 matter 0% 43% S - stone to flesh 3 healing 0% 80% U - detect unseen 3 divination 0% 52% V - teleportitis -- ability ? -- W - pray for help -- divine ? -- Your skills at the end: Miscellaneous Skills shield [Basic] wands [Expert] Weapon Skills quarterstaff [Basic] Spellcasting Skills attack spells [Skilled] healing spells [Skilled] divination spells [Skilled] enchantment spells [Skilled] clerical spells [Skilled] escape spells [Skilled] matter spells [Skilled] Final Attributes: You were piously aligned. You were fire resistant. You were cold resistant. You were sleep resistant. You were disintegration-resistant. You were shock resistant. You were poison resistant. You were magic-protected. You saw invisible. You were telepathic. You were warned. You were clairvoyant. You had infravision. You were sensing the presence of monsters. You were very stealthy. You could teleport. You had teleport control. You had slower digestion. You were protected. You were very fast. You had reflection. You had free action. Your life would have been saved. You were very lucky. You had extra luck. Good luck did not time out for you. You survived. Vanquished creatures: Baalzebub Dispater Orcus Yeenoghu Juiblex The Wizard of Yendor (twice) Famine an arch-lich a high priest a mammoth Vlad the Impaler Medusa 17 krakens 2 elder red dragons an iron golem 4 master liches a gray dragon a silver dragon 14 red dragons 2 white dragons 3 black dragons 3 blue dragons 2 yellow dragons 2 storm giants a titan 2 glass golems 3 balrogs 52 purple worms 60 minotaurs 2 jabberwocks The Dark One 4 baluchitheria an Angel a young gray dragon 3 young silver dragons 3 young red dragons 3 young white dragons 3 young orange dragons 2 young black dragons 2 young blue dragons 4 young green dragons 2 young yellow dragons 4 demiliches 2 stone golems 43 master mind flayers 7 Olog-hai 2 Nazgul 9 pit fiends 12 sandestins 3 hell hounds 4 titanotheres 4 trappers 50 baby red dragons a baby blue dragon 3 gryphons a guardian naga 29 vampire lords a shade 3 skeletons 8 aligned priests 51 captains 10 liches 42 water trolls a clay golem 2 nurses 13 ice devils 8 nalfeshnees 2 lurkers above a frost giant a golden naga 4 black puddings 23 vampires 32 ghosts 3 ettins 7 lieutenants a barbarian a queen bee 3 winged gargoyles 2 mind flayers 7 giant mimics 4 fire giants an Elvenking 11 ice trolls 13 rock trolls 5 umber hulks 2 flesh golems 6 doppelgangers 18 hezrous 14 bone devils a salamander 5 large mimics a wumpus a fire vortex 3 long worms 18 couatls 9 stalkers 2 air elementals 4 fire elementals 2 earth elementals 15 water elementals a hill giant 4 giant mummies a black naga 15 xorns 18 giant zombies 13 sergeants a barbed devil 13 vrocks 10 wargs a winter wolf a hell hound pup 6 quantum mechanics 10 small mimics 48 island nymphs 2 glass piercers 3 warhorses 5 steam vortices 6 xans 4 ettin mummies an ogre lord 23 trolls a wood golem 3 mariliths a djinni 8 electric eels 2 pyrolisks 2 large dogs 4 freezing spheres 5 flaming spheres 4 shocking spheres 2 large cats 5 tigers 5 gargoyles 2 dwarf kings 7 tengu 9 gelatinous cubes 7 ochre jellies a crocodile 5 chameleons 3 leocrottas 4 energy vortices 2 mountain centaurs 10 giants 3 elf mummies 3 human mummies 2 red nagas a green slime 7 pit vipers 5 pythons 2 cobras 55 wraiths 13 ettin zombies 4 leather golems 27 soldiers a horned devil 8 succubi 8 incubi 13 giant beetles 61 cockatrices 3 wolves 6 winter wolf cubs 10 black lights a lynx 5 panthers 3 gremlins 16 leprechauns 6 quivering blobs a spotted jelly 6 lizards 5 orc-captains 4 mumakil 7 giant spiders 7 scorpions an iron piercer 4 horses an ice vortex 73 vampire bats 4 forest centaurs 5 gnome kings 3 orc mummies 4 dwarf mummies 4 brown puddings a rust monster 10 owlbears 3 yetis 5 gold golems 9 piranhas 7 giant eels a chickatrice a dog 2 dingos 2 housecats 7 jaguars 5 dwarf lords 5 blue jellies 5 water nymphs 3 white unicorns 2 gray unicorns 6 dust vortices 30 ravens 10 plains centaurs 6 gnome mummies 4 snakes 18 apes 15 human zombies 2 rope golems 17 soldier ants 4 fire ants 9 yellow lights 15 bugbears 3 imps 3 wood nymphs 31 Mordor orcs 13 Uruk-hai 14 orc shamans 3 rock moles 9 rock piercers 3 ponies 7 fog clouds 3 shriekers 3 violet fungi 21 gnome lords 7 gnomish wizards 2 kobold mummies 2 black naga hatchlings 2 guardian naga hatchlings 4 gray oozes 5 barrow wights 23 elf zombies 10 ghouls 4 jellyfish 27 giant ants 2 puppies 6 floating eyes 2 kittens 22 dwarves 6 homunculi 5 quasits 3 kobold lords 3 kobold shamans 3 iguanas 24 hill orcs 12 rothes a rabid rat 5 centipedes 2 jitterbugs 10 giant bats 2 monkeys 13 orc zombies 17 dwarf zombies 4 wererats 25 killer bees a coyote 3 gas spores 6 hobbits 2 acid blobs 6 large kobolds 7 geckos 18 hobgoblins 6 giant rats 4 cave spiders 3 brown molds 4 yellow molds 5 green molds 2 red molds 65 gnomes 4 garter snakes 16 manes 17 gnome zombies 7 jackals 3 foxes 4 kobolds 7 newts 14 goblins 4 sewer rats 12 grid bugs 12 bats 13 lichens 14 kobold zombies 2248 creatures vanquished. Genocided species: small mimics large mimics giant mimics liches demiliches master liches arch-liches deep ettins 8 species genocided. Voluntary challenges: You were not invisible. You were not displaced. You never hit with a wielded weapon. You did not apply a unicorn horn. You did not use sinks. You read items or engraved 479 times, starting on turn 1869. You genocided 8 types of monsters, starting on turn 11803. You polymorphed 218 items, starting on turn 27456. You never changed form. You completed Sokoban on turn 17515, according to the rules. You used 6 wishes, starting on turn 18385. You wished for your your first artifact on turn 18385. You never split a pudding. You never wrote Elbereth's name. You violated your moral code, losing 5 points of alignment, starting on turn 25613. Dungeon overview: The Dungeons of Doom: levels 1 to 28 Level 1 some fountains stairs to The Elemental Planes Level 2 an armor shop Level 3 a general store Level 4 a general store stairs to The Gnomish Mines Level 5 Level 6 a scroll shop, some fountains Level 7 many fountains Level 8 a fountain stairs to Sokoban Level 9 a fountain Level 10 Level 11 a potion shop Level 12 a fountain Level 13 Level 14 (quest level) a fountain portal to The Quest Level 15 some fountains Level 16 Level 17 Level 18 Level 19 a temple to Ptah, a fountain Level 20 a fountain Level 21 Level 22 a temple to Thoth Level 23 a fountain, many trees Level 24 Level 25 Level 26 Level 27 Level 28 a magic chest, a fountain, a throne, some trees Gehennom: levels 29 to 53 Level 29 a temple to Moloch, a magic chest stairs to The Dungeons of Doom Level 30 Level 31 Level 32 Level 33 Level 34 a magic chest Level 35 Level 36 Level 37 a fountain Level 38 Level 39 Level 40 Level 41 a magic chest Level 42 stairs to Vlad's Tower Level 43 an altar to Moloch, a magic chest Level 44 Level 45 a magic chest Level 46 Level 47 portal to Gehennom Level 48 Level 49 Level 50 Level 51 portal to Gehennom Level 52 Level 53 The Gnomish Mines: levels 5 to 13 Level 5 stairs to The Dungeons of Doom Level 6 Level 7 (Fountains used) many shops, a temple to Anhur, a magic chest, some fountains Level 8 Level 9 Level 10 Level 11 Level 12 Level 13 many altars to Moloch, a magic chest, some fountains The Quest: levels 1 to 5 Level 1 portal to The Dungeons of Doom Level 2 Level 3 Level 4 Level 5 a temple to Ptah Sokoban: levels 4 to 7 Level 4 a magic chest Level 5 Level 6 Level 7 a magic chest stairs to The Dungeons of Doom Vlad's Tower: levels 39 to 41 Level 39 a throne Level 40 an altar to Moloch Level 41 stairs to Gehennom The Elemental Planes: Astral Plane <- You were here a high altar Plane 4 portal to The Elemental Planes Plane 3 portal to The Elemental Planes Plane 2 portal to The Elemental Planes Plane 1 portal to The Elemental Planes History has recorded: On T:1 you entered the Dungeons of Doom to retrieve the Amulet of Yendor! On T:382 you reached level 2 of The Dungeons of Doom. On T:410 you advanced to experience level 2. On T:587 you advanced to experience level 3. On T:811 you advanced to experience level 4. On T:853 you reached level 3 of The Dungeons of Doom. On T:1155 you prayed to Anhur. On T:1294 you reached level 4 of The Dungeons of Doom. On T:1350 you advanced to experience level 5. On T:1716 you reached level 1 of The Gnomish Mines. On T:1824 you advanced to experience level 6. On T:1893 you reached level 2 of The Gnomish Mines. On T:2946 you advanced to experience level 7. On T:2962 you reached level 3 of The Gnomish Mines. On T:3041 you entered the Minetown temple On T:3088 you opened a magic chest. On T:3911 you reached level 5 of The Dungeons of Doom. On T:4235 you reached level 6 of The Dungeons of Doom. On T:4593 you reached level 7 of The Dungeons of Doom. On T:4647 you advanced to experience level 8. On T:5134 you reached level 8 of The Dungeons of Doom. On T:5401 you reached level 4 of Sokoban. On T:5733 you reached level 3 of Sokoban. On T:6258 you reached level 2 of Sokoban. On T:6926 you reached level 1 of Sokoban. On T:8427 you reached level 9 of The Dungeons of Doom. On T:8628 you advanced to experience level 9. On T:8816 you reached level 10 of The Dungeons of Doom. On T:9055 you reached level 11 of The Dungeons of Doom. On T:9414 you reached level 12 of The Dungeons of Doom. On T:9680 you reached level 13 of The Dungeons of Doom. On T:9797 you reached level 14 of The Dungeons of Doom. On T:10355 you reached level 15 of The Dungeons of Doom. On T:10515 you reached level 16 of The Dungeons of Doom. On T:10601 you advanced to experience level 10. On T:10607 you advanced to experience level 11. On T:10886 you reached level 17 of The Dungeons of Doom. On T:10886 you entered the Rogue tribute level. On T:11353 you reached level 18 of The Dungeons of Doom. On T:11968 you reached level 19 of The Dungeons of Doom. On T:12201 you reached level 20 of The Dungeons of Doom. On T:12379 you reached level 21 of The Dungeons of Doom. On T:13221 you reached level 1 of The Quest. On T:15613 you prayed to Anhur. On T:17485 you advanced to experience level 12. On T:17515 you advanced to experience level 13. On T:17515 you entered the Sokoban zoo. On T:17766 you received advice from The Oracle. On T:17766 you advanced to experience level 14. On T:17767 you advanced to experience level 15. On T:18380 you embarked upon an epic quest. On T:18385 you wished for "blessed fixed Master Key of Thievery". On T:18404 you reached level 2 of The Quest. On T:18502 you reached level 3 of The Quest. On T:19018 you reached level 4 of The Quest. On T:19180 you reached level 5 of The Quest. On T:19385 you killed Dark One on level 5 of The Quest. On T:19425 you reached level 22 of The Dungeons of Doom. On T:19808 you reached level 23 of The Dungeons of Doom. On T:19872 you killed Medusa on level 23 of The Dungeons of Doom. On T:19877 you reached level 24 of The Dungeons of Doom. On T:19995 you reached level 25 of The Dungeons of Doom. On T:20340 you reached level 26 of The Dungeons of Doom. On T:20412 you reached level 27 of The Dungeons of Doom. On T:20617 you reached The Castle. On T:21766 you reached level 4 of The Gnomish Mines. On T:21870 you reached level 5 of The Gnomish Mines. On T:21946 you reached level 6 of The Gnomish Mines. On T:22045 you reached level 7 of The Gnomish Mines. On T:22342 you reached level 8 of The Gnomish Mines. On T:22419 you reached level 9 of The Gnomish Mines. On T:22419 you reached the bottom of the Mines. On T:22749 you wished for "blessed fixed +3 gauntlets of power". On T:22761 you wished for "blessed fixed +3 silver dragon scale mail". On T:23460 you reached The Valley of the Dead. On T:23752 you advanced to experience level 16. On T:24095 you advanced to experience level 17. On T:24662 you reached level 2 of Gehennom. On T:24792 you reached level 3 of Gehennom. On T:25126 you reached level 4 of Gehennom. On T:25172 you reached level 5 of Gehennom. On T:25202 you reached level 6 of Gehennom. On T:25436 you reached level 7 of Gehennom. On T:25533 you reached level 8 of Gehennom. On T:25632 you reached level 9 of Gehennom. On T:25663 you killed Juiblex on level 9 of Gehennom. On T:25703 you reached level 10 of Gehennom. On T:25745 you reached level 11 of Gehennom. On T:26089 you advanced to experience level 18. On T:26837 you received a robe from Anhur. On T:27013 you received a shield of reflection from Anhur. On T:27189 you received a spellbook of wizard lock from Anhur. On T:27298 you killed Baalzebub on level 6 of Gehennom. On T:28174 you advanced to experience level 19. On T:29503 you wished for "magicbane". On T:29529 you wished for "blessed fixed +3 T-shirt". On T:29892 you wished for "blessed fixed +3 small shield". On T:30208 you reached level 12 of Gehennom. On T:30226 you reached level 13 of Gehennom. On T:30392 you reached level 14 of Gehennom. On T:30414 you reached level 15 of Gehennom. On T:30475 you killed Orcus on level 15 of Gehennom. On T:30479 you reached level 16 of Gehennom. On T:30484 you reached level 17 of Gehennom. On T:30547 you reached level 18 of Gehennom. On T:30558 you reached level 19 of Gehennom. On T:30566 you reached level 20 of Gehennom. On T:30588 you reached level 21 of Gehennom. On T:30648 you reached level 22 of Gehennom. On T:30682 you reached level 23 of Gehennom. On T:30717 you reached level 24 of Gehennom. On T:31038 you killed Dispater on level 13 of Gehennom. On T:31044 you advanced to experience level 20. On T:31083 you reached level 3 of Vlad's Tower. On T:31116 you reached level 2 of Vlad's Tower. On T:31141 you reached level 1 of Vlad's Tower. On T:31155 you killed Vlad the Impaler on level 1 of Vlad's Tower. On T:31535 you killed Yeenoghu on level 20 of Gehennom. On T:31888 you killed Wizard of Yendor on level 17 of Gehennom. On T:31990 you performed the invocation. On T:31990 you reached level 25 of Gehennom. On T:32086 you killed high priestess of Moloch on level 25 of Gehennom. On T:32087 you gained the Amulet of Yendor! On T:32938 you reached the Plane of Earth. On T:32941 you killed Wizard of Yendor on the Plane of Earth. On T:32972 you reached the Plane of Air. On T:32999 you reached the Plane of Fire. On T:33020 you reached the Plane of Water. On T:33084 you reached the Astral Plane. On T:33093 you killed Famine on the Astral Plane. On T:33103 you lost the Amulet of Yendor. On T:33103 you offered the Amulet of Yendor to Anhur and ascended to the status of Demigod! Score breakdown: Gold: 8049 ( 804 points) Experience: 20 levels ( 1900 points) Exploration: 53 levels ( 2000 points) Discoveries: 192 items ( 2000 points) Variety of kills: 279 monsters ( 2000 points) Major goal: ascended ( 5000 points) Ascension bonuses Valuables value: 3750 ( 375 points) Artifacts: 3 ( 3000 points) Speed bonus: 33103 turns ( 3344 points) Conduct bonus: 6 conducts (13400 points) Survival: ascended (score multiplied by 10) Total score: 338230 Latest messages: The Angel of Ptah punches you! The Angel of Ptah casts a spell at you! A shower of missiles bounces off the wizard! The priestess of Ptah wields a mace! The mace welds itself to the priestess of Ptah's hand! The priestess of Ptah kicks! The priestess of Ptah casts a spell at you! Wounds appear on your body! There are a few objects here. The giant ant misses. The high priest intones: "Pilgrim, you enter a sacred place!" Richard the Kuge turns to flee! Richard the Kuge drinks a potion of gain level! Richard the Kuge looks uneasy. Richard the Kuge drinks a potion of invisibility! Richard the Kuge's body takes on a strange transparency. The frost giant turns to flee! "The great Ptah has sent me to make you pay for your sins!" There is an altar to Anhur (chaotic) here. You offer the Amulet of Yendor to Anhur... An invisible choir sings, and you are bathed in radiance... The voice of Anhur thunders: "Congratulations, mortal!" "In return for thy service, I grant thee the gift of Immortality!" You ascend to the status of Demigod... Final status: Goodbye FIQ the Demigod, ascended... You went to your reward with 338230 points, Magicbane (worth 3500 zorkmids) The Eye of the Aethiopica (worth 4000 zorkmids) The Master Key of Thievery (worth 3500 zorkmids) 1 sapphire (worth 3000 zorkmids), 3 amulets of life saving (worth 450 zorkmids), 1 amulet of strangulation (worth 150 zorkmids), 1 amulet versus poison (worth 150 zorkmids), and 8049 pieces of gold, after 33103 moves. You were level 20 with a maximum of 182 hit points when you ascended.